 Dungeon Crawl Stone Soup version 0.22-a0-396-g3f858e3 (webtiles) character file.

21429 Borgoz the Severer (level 12, -16/99 HPs)
             Began as a Minotaur Gladiator on May 3, 2018.
             Was a High Priest of Hepliaklqana.
             Killed from afar by an orc sorcerer (25 damage)
             ... with a bolt of fire
             ... on level 2 of the Orcish Mines.
             The game lasted 00:32:34 (15854 turns).

Borgoz the Severer (Minotaur Gladiator)            Turns: 15854, Time: 00:32:35

Health: -16/99     AC: 12    Str: 20    XL:     12   Next: 54%
Magic:  0/11       EV: 17    Int: 10    God:    Hepliaklqana [*****.]
Gold:   1357       SH:  0    Dex: 21    Spells: 11/11 levels left

rFire    . . .     SeeInvis .   a - +0 war axe (venom)
rCold    . . .     Gourm    .   (no shield)
rNeg     . . .     Faith    .   C - +5 ring mail of Ru's Generosity {Int+5}
rPois    .         Spirit   +   c - +0 hat
rElec    .         Reflect  .   (no cloak)
rCorr    .         Harm     .   (no gloves)
MR       .....                  (no boots)
Stlth    ++........             F - amulet of guardian spirit
HPRegen  0.26/turn              o - +5 ring of dexterity
MPRegen  0.12/turn              K - ring of stealth

@: very slightly contaminated, drained
A: retaliatory headbutt, reduced essence, horns 2
a: Recall Ancestor, Ancestor Identity, Transference, Idealise, Renounce Religion


You were on level 2 of the Orcish Mines.
You worshipped Hepliaklqana.
Hepliaklqana was extremely pleased with you.
You were hungry.

You visited 3 branches of the dungeon, and saw 16 of its levels.
You also visited: Volcano.

You collected 1525 gold pieces.
You spent 168 gold pieces at shops.

Inventory:

Hand Weapons
 a - a +0 war axe of venom (weapon)
 b - a +0 mace of crushing
 B - a +3 dagger of chaos
 O - a +2 battleaxe of flaming
Missiles
 d - 3 throwing nets (quivered)
Armour
 c - a +0 hat (worn)
 C - the +5 ring mail of Ru's Generosity (worn) {Int+5}
   (You found it on level 9 of the Dungeon)

   It affects your intelligence (+5).
 N - a +2 shield of fire resistance
 P - a +2 plate armour of fire resistance
 Q - a +3 leather armour of fire resistance
Jewellery
 l - an uncursed ring of positive energy
 o - a +5 ring of dexterity (left hand)
 s - a +3 ring of intelligence
 F - an amulet of guardian spirit (around neck)
 H - an uncursed amulet of regeneration
 I - an uncursed ring of wizardry
 K - a ring of stealth (right hand)
Wands
 e - a wand of scattershot (4)
 r - a wand of paralysis (16)
 v - a wand of acid (11)
 w - a wand of digging (7)
 D - a wand of clouds (2)
 J - a wand of polymorph (11)
Scrolls
 g - a scroll of teleportation
 j - 4 scrolls of amnesia
 m - 4 scrolls of magic mapping
 n - 3 scrolls of remove curse
 p - 2 scrolls of blinking
 y - a scroll of vulnerability {unknown}
 z - 2 scrolls of enchant armour
 E - a scroll of fog
 L - a scroll of fear
Potions
 h - 3 potions of haste
 i - 2 potions of berserk rage
 k - 2 potions of flight
 q - 4 potions of curing
 t - 3 potions of mutation
 u - a potion of resistance
 x - 3 potions of brilliance
 A - 2 potions of agility
 G - a potion of might
Comestibles
 f - 15 rations


   Skills:
 + Level 11.5(10.7) Fighting
 + Level 16.6(15.7) Axes
 - Level 2.0(1.3) Throwing
 + Level 11.2(10.4) Armour
 + Level 8.8(8.1) Dodging


You had 11 spell levels left.
You didn't know any spells.

Dungeon Overview and Level Annotations

Branches:
Dungeon (13/15)            Temple (1/1) D:4            Lair (0/6) D:8
    Orc (2/2) D:9             Elf (0/3) Orc:2
 Vaults: D:13-14

Altars:
Ashenzari
Cheibriados
Dithmenos
Elyvilon
Fedhas
Gozag
Hepliaklqana
Kikubaaqudgha
Makhleb
Nemelex Xobeh
Okawaru
Qazlal
Ru
Sif Muna
Trog
Uskayaw
Vehumet
Wu Jian
Xom
Yredelemnul
Zin
The Shining One
Beogh

Shops:
D:5 *   Orc:1 ?   Orc:2 *

Annotations:
D:9 1 exclusion


Innate Abilities, Weirdness & Mutations

You reflexively headbutt those who attack you in melee.
You have a pair of horns on your head.
Your life essence is reduced to manifest your ancestor. (-10% HP)


Message History

* * * LOW HITPOINT WARNING * * *
An orc sorcerer comes into view. It is wielding a dagger.
Unknown command.
The orc knight hits Ælfthryth with a halberd!! Ælfthryth is destroyed!
The orc warrior misses you.
An orc sorcerer comes into view. It is wielding a dagger.
The orc sorcerer completely misses you. You furiously retaliate!
You headbutt the orc sorcerer, but do no damage.
The orc knight roars a battlecry!
The orc sorcerer goes into a battle-frenzy!
Okay, then.
Blink to where?
Press: ? - help, Dir - move target cursor You are very lightly contaminated with residual magic.
As you read the scroll of blinking, it crumbles to dust.
The orc warrior no longer looks unusually strong.
The orc sorcerer gestures at you while chanting.
The bolt of fire hits you!
You die...

.................................
.............................#...
..............................###
................................#
...... ........................
...... .......................#
...... ..............#........#
.....# ######.###########.....
.....# ######@###### #....#
#....# #......oo..o### #..#.#
.....# ...####.####...## #.....
.....# #.######..## .....
#.#...###..# #.# #.#.....##.#
#.#.oo..)#.# ... #.)((# .. ##)[##


You could see an orc knight, an orc sorcerer and an orc warrior.

Vanquished Creatures
  The ghost of Pikaro the Gelid, a journeyman BaIE of Vehumet (D:10)
  A dancing weapon (Volcano)
  4 two-headed ogres
  The ghost of Feta the Magician, a novice GnFE of Okawaru (D:9)
  4 wizards (Volcano)
  The ghost of Roran the Shield-Bearer, a novice FoFi (D:7)
  A manticore (D:12)
  An ugly thing (D:12)
  3 toenail golems (Volcano)
  A centaur zombie (D:13)
  Maurice (D:9)
  Psyche (D:10)
  3 trolls
  3 hornets
  3 hippogriffs
  A shadow (D:11)
  A wraith (D:12)
  A wyvern (D:11)
  9 yaks
  A human (D:7)
  3 hogs (D:7)
  2 wargs
  Menkaure (D:4)
  A water moccasin (D:5)
  2 sky beasts
  13 orc warriors
  A necrophage (D:7)
  A phantom (D:7)
  An ice beast (D:7)
  6 ogres
  5 centaurs
  A crocodile (D:7)
  4 bullfrogs
  A wyvern skeleton (D:8)
  4 scorpions
  3 jellies
  14 killer bees
  10 wights
  4 crimson imps
  A quasit (D:12)
  4 hounds
  9 orc priests
  15 orc wizards
  A bullfrog zombie (D:10)
  A gnoll shaman (D:5)
  A bullfrog skeleton (D:10)
  A hexer (D:10)
  3 iguanas
  5 worker ants
  A hound skeleton (D:4)
  A hound zombie (D:11)
  2 worker ant zombies (D:5)
  4 gnolls (D:5)
  13 adders
  5 river rats (D:9)
  A shadow imp (D:5)
  An adder zombie (D:8)
  An adder skeleton (D:4)
  3 dart slugs (D:1)
  2 worms (D:2)
  4 leopard geckos
  59 orcs
  6 bats
  6 giant cockroaches
  8 goblins
  14 hobgoblins
  10 jackals
  2 quokkas
  A ball python (D:5)
  4 frilled lizards
  8 kobolds
  A leopard gecko zombie (D:5)
  A quokka zombie (D:7)
  23 rats
341 creatures vanquished.

Vanquished Creatures (collateral kills)
  A two-headed ogre (D:8)
  A cyclops (D:12)
  A hornet (D:11)
  2 orc warriors
  A jelly (D:8)
  4 orc wizards
  2 worker ants
  Robin (D:4)
  A river rat (D:9)
  An adder zombie (D:6)
  An orc (D:9)
  A goblin (D:4)
17 creatures vanquished.

Vanquished Creatures (others)
  An orc wizard (Orc:2)
  7 hexers
  3 ancestors
11 creatures vanquished.

Grand Total: 369 creatures vanquished

Notes
Turn   | Place    | Note
-------+----------+-------------------------------------------
     0 | D:1      | Borgoz the Minotaur Gladiator began the quest for the Orb.
     0 | D:1      | Reached XP level 1. HP: 18/18 MP: 0/0
   118 | D:1      | Reached skill level 4 in Axes
   174 | D:1      | Reached XP level 2. HP: 24/25 MP: 1/1
   357 | D:1      | Reached XP level 3. HP: 28/30 MP: 2/2
   784 | D:2      | Reached skill level 5 in Axes
  1025 | D:2      | Reached XP level 4. HP: 27/38 MP: 3/3
  1057 | D:2      | Reached skill level 1 in Armour
  2334 | D:4      | Found a staircase to the Ecumenical Temple.
  2336 | D:4      | Noticed Menkaure
  2343 | D:4      | Killed Menkaure
  2343 | D:4      | Reached skill level 6 in Axes
  2343 | D:4      | Reached XP level 5. HP: 11/45 MP: 4/4
  2348 | Temple   | Entered the Ecumenical Temple
  2608 | Temple   | Became a worshipper of Hepliaklqana the Forgotten
  2738 | D:4      | Reached XP level 6. HP: 18/45 MP: 5/5
  3188 | D:4      | Noticed Robin
  3194 | D:4      | Killed Robin
  3802 | D:5      | Entered Level 5 of the Dungeon
  3831 | D:5      | Reached * piety under Hepliaklqana
  3853 | D:5      | Found Pirelia's Serpentskin Sales.
  3853 | D:5      | Noticed a water moccasin
  3858 | D:5      | Killed a water moccasin
  3858 | D:5      | Reached skill level 7 in Axes
  3864 | D:5      | Reached XP level 7. HP: 48/53 MP: 6/6
  3871 | D:5      | Bought a +0 war axe of venom for 80 gold pieces
  4372 | D:5      | Reached skill level 8 in Axes
  4533 | D:6      | Found a radiant altar of Vehumet.
  5027 | D:6      | Reached skill level 5 in Fighting
  5087 | D:6      | Reached skill level 5 in Dodging
  5087 | D:6      | Reached XP level 8. HP: 26/61 MP: 7/7
  5089 | D:6      | Reached skill level 9 in Axes
  5724 | D:7      | Reached ** piety under Hepliaklqana
  5732 | D:7      | Reached skill level 10 in Axes
  5734 | D:7      | Reached skill level 5 in Armour
  5931 | D:7      | Reached XP level 9. HP: 52/67 MP: 8/8
  6059 | D:7      | Reached skill level 11 in Axes
  6070 | D:7      | Noticed Roran's ghost (novice FoFi)
  6079 | D:7      | HP: 2/70 [Roran's ghost (15)]
  6465 | D:7      | Remembered your ancestor Ælfthryth as a hexer
  6489 | D:7      | Killed Roran's ghost
  7385 | D:8      | Noticed a two-headed ogre
  7391 | D:8      | Killed a two-headed ogre
  7391 | D:8      | Reached skill level 12 in Axes
  7391 | D:8      | Reached XP level 10. HP: 7/77 MP: 9/9
  7719 | D:8      | Found a radiant altar of Vehumet.
  7940 | D:8      | Found a staircase to the Lair.
  7989 | D:8      | Reached *** piety under Hepliaklqana
  8824 | D:9      | Noticed Feta's ghost (novice GnFE)
  8835 | D:9      | Killed Feta's ghost
  9067 | D:9      | Reached skill level 13 in Axes
  9092 | D:9      | Got an ancient ring mail
  9263 | D:9      | Found a staircase to the Orcish Mines.
  9501 | D:9      | Noticed Maurice
  9510 | D:9      | Killed Maurice
  9751 | D:9      | Identified the +5 ring mail of Ru's Generosity {Int+5} (You found it on level 9 of the Dungeon)
  9773 | D:10     | Entered Level 10 of the Dungeon
  9858 | D:10     | Reached **** piety under Hepliaklqana
 10007 | D:10     | Noticed Psyche
 10013 | D:10     | Killed Psyche
 10094 | D:10     | Reached skill level 10 in Armour
 10178 | D:10     | Noticed Pikaro's ghost (journeyman BaIE)
 10193 | D:10     | Reached XP level 11. HP: 40/87 MP: 10/10
 11379 | Orc:1    | Entered Level 1 of the Orcish Mines
 11380 | Orc:1    | Found a roughly hewn altar of Beogh.
 11566 | Orc:1    | Reached skill level 14 in Axes
 11870 | Orc:1    | Found Xim Wuov's Magic Scroll Emporium.
 11878 | Orc:1    | Bought a scroll of remove curse for 33 gold pieces
 11878 | Orc:1    | Bought a scroll of identify for 22 gold pieces
 11878 | Orc:1    | Bought a scroll of remove curse for 33 gold pieces
 12579 | D:10     | Killed Pikaro's ghost
 12665 | D:10     | Noticed a two-headed ogre
 12678 | D:10     | Killed a two-headed ogre
 13611 | D:12     | Noticed a red ugly thing
 13619 | D:12     | Killed a red ugly thing
 13619 | D:12     | Reached skill level 10 in Fighting
 13740 | D:12     | Reached ***** piety under Hepliaklqana
 13813 | D:12     | Reached skill level 15 in Axes
 14178 | D:12     | Noticed a two-headed ogre
 14196 | D:12     | Killed a two-headed ogre
 14553 | D:12     | Reached XP level 12. HP: 77/96 MP: 7/11
 14666 | D:13     | Noticed a two-headed ogre
 14673 | D:13     | Killed a two-headed ogre
 14935 | Orc:2    | Entered Level 2 of the Orcish Mines
 14935 | Orc:2    | Found a staircase to the Elven Halls.
 15169 | Orc:2    | Found a dark tunnel.
 15193 | Volcano  | Entered a volcano
 15222 | Volcano  | Reached skill level 16 in Axes
 15736 | Orc:2    | Noticed a two-headed ogre
 15745 | Orc:2    | Killed a two-headed ogre
 15833 | Orc:2    | Found Cixurghi's General Store.
 15854 | Orc:2    | Killed from afar by an orc sorcerer

Vault maps used:
D:1:      minmay_arrival_checkered_box
D:3:      grunt_ministairs_11
D:4:      minmay_temple_entry_statues_fountains, uniq_robin, uniq_menkaure
D:5:      first_ration, guppyfry_shop_venom
D:6:      fiery_altar_vehumet
D:7:      grunt_livestock
D:8:      dpeg_oklobed_lair, basic_altar
D:9:      david_orc_4, dk_rats_in_the_wall, uniq_maurice
D:10:     uniq_psyche
Temple:   grunt_wide_crystal_templ
Orc:1:    serial_shops, shop, basic_altar
Orc:2:    st_orc_elflike, nicolae_volcano_entry_lava_flow
Volcano:  volcano_bunker

Skill      XL: |  1  2  3  4  5  6  7  8  9 10 11 12 |
---------------+-------------------------------------+-----
Axes           | 4 5 6 7 8 10 12 13 15 16 | 16.6
Fighting       | 3 4 5 6 7 9 10 11 | 11.5
Armour         | 2 3 4 5 8 10 11 | 11.2
Dodging        | 4 5 6 8 |  8.8
Throwing       | |  2.0

Action                   |  1- 3 |  4- 6 |  7- 9 | 10-12 || total
-------------------------+-------+-------+-------+-------++-------
Melee: War axe           |    66 |    92 |   161 |   480 ||   799
       Headbutt          |     6 |    18 |    51 |   138 ||   213
Invok: Recall Ancestor   |       |       |     1 |     3 ||     4
       Ancestor Life: He |       |       |     1 |       ||     1
  Use: Scroll            |       |     6 |     6 |     9 ||    21
       Potion            |       |       |     3 |     6 ||     9
 Stab: Sleeping          |     1 |     2 |     1 |     2 ||     6
       Distracted        |       |       |     2 |     7 ||     9
       Confused          |       |       |       |     5 ||     5
  Eat: Chunk             |       |     6 |    11 |    19 ||    36
       Ration            |       |     1 |       |     2 ||     3
Armor: Leather armour    |    24 |    12 |     8 |       ||    44
       Scale mail        |       |       |    30 |       ||    30
       Chain mail        |       |       |       |    47 ||    47
       Ring mail         |       |       |       |   109 ||   109
Dodge: Dodged            |    59 |    71 |   100 |   338 ||   568

Table legend:
 A = Spawn XP
 B = Non-spawn XP
 C = Spawn XP percentage of total XP
 D = Spawn monster count
 E = Non-spawn monster count
 F = Spawn count percentage of total count
 G = Total turns spent on level
                    A         B        C        D         E        F      G
               +---------+---------+-------+---------+---------+-------+---------
         Total |       0 |   30614 |   0.0 |       0 |     358 |   0.0 | 15854
               +---------+---------+-------+---------+---------+-------+---------
           D:1 |       0 |      53 |   0.0 |       0 |      28 |   0.0 |   608
           D:2 |       0 |      88 |   0.0 |       0 |      21 |   0.0 |   952
           D:3 |       0 |      17 |   0.0 |       0 |      10 |   0.0 |   724
           D:4 |       0 |     356 |   0.0 |       0 |      28 |   0.0 |  1240
           D:5 |       0 |     564 |   0.0 |       0 |      19 |   0.0 |   948
           D:6 |       0 |     597 |   0.0 |       0 |      15 |   0.0 |  1280
           D:7 |       0 |    2793 |   0.0 |       0 |      20 |   0.0 |  1106
           D:8 |       0 |    2574 |   0.0 |       0 |      41 |   0.0 |  1750
           D:9 |       0 |    2968 |   0.0 |       0 |      50 |   0.0 |  2500
          D:10 |       0 |    3573 |   0.0 |       0 |      31 |   0.0 |  1040
          D:11 |       0 |    3009 |   0.0 |       0 |      32 |   0.0 |   616
          D:12 |       0 |    4866 |   0.0 |       0 |      18 |   0.0 |  1176
          D:13 |       0 |    1496 |   0.0 |       0 |       3 |   0.0 |    91
         Orc:1 |       0 |     646 |   0.0 |       0 |      11 |   0.0 |   626
         Orc:2 |       0 |    2017 |   0.0 |       0 |      23 |   0.0 |   706
       Volcano |       0 |    4997 |   0.0 |       0 |       8 |   0.0 |   213
               +---------+---------+-------+---------+---------+-------+---------
